 Dungeon Crawl Stone Soup version 0.28.0 (webtiles) character file.

Game seed: 16812305873371437330

319 oldriver the Skirmisher (level 6, -4/52 HPs)
             Began as a Formicid Abyssal Knight on Feb 11, 2022.
             Was a Priest of Lugonu.
             Slain by Natasha (6 damage)
             ... on level 3 of the Dungeon.
             The game lasted 00:03:54 (2974 turns).

oldriver the Skirmisher (Formicid Abyssal Knight)   Turns: 2974, Time: 00:03:55

Health: -4/52      AC:  5    Str: 20    XL:     6   Next: 74%
Magic:  7/7        EV: 11    Int:  9    God:    Lugonu [***...]
Gold:   147        SH:  0    Dex: 11    Spells: 5/5 levels left

rFire   . . .      SeeInvis +   a - +2 hand axe
rCold   . . .      Faith    .   (no shield)
rNeg    . . .      Spirit   .   b - +0 leather armour
rPois   .          Reflect  .   (helmet unavailable)
rElec   .          Harm     .   o - +0 cloak
rCorr   .          Rampage  .   g - +0 pair of gloves
Will    .....                   (no boots)
Stlth   +.........              (no amulet)
HPRegen 0.17/turn               (no ring)
MPRegen 0.10/turn               (no ring)

@: brilliant
A: permanent stasis, dig shafts and tunnels, antennae 3, four strong arms
a: Dig, Shaft Self, Renounce Religion, Depart the Abyss, Bend Space, Banish


You were on level 3 of the Dungeon.
You worshipped Lugonu.
Lugonu was most pleased with you.
You visited 1 branch of the dungeon, and saw 3 of its levels.
You visited the Abyss 1 time.

You collected 147 gold pieces.

Inventory:

Hand Weapons
 a - a +2 hand axe (weapon)
 i - the +2 spear of the Gnat {vorpal, rElec Str+2 Dex+2 Stlth-}
   (You took it off a kobold on level 2 of the Dungeon)

   It inflicts extra damage upon your enemies.
   Str:       It affects your strength (+2).
   Dex:       It affects your dexterity (+2).
   rElec:     It insulates you from electricity.
   Stlth:     It makes you less stealthy.
Missiles
 j - 54 stones (quivered)
 l - 5 curare-tipped darts
 n - 32 sling bullets
Armour
 b - a +0 leather armour (worn)
 g - a +0 pair of gloves (worn)
 o - a +0 cloak (worn)
Scrolls
 c - a scroll of teleportation {unknown}
 e - a scroll of torment {unknown}
 f - a scroll of enchant weapon
 m - a scroll of acquirement {unknown}
Potions
 d - a potion of brilliance
 h - a potion of curing {unknown}
 k - a potion of berserk rage
 p - 2 potions of degeneration {unknown}


   Skills:
 + Level 5.9 Fighting
 + Level 4.8 Axes
 - Level 2.1 Armour
 - Level 0.8 Dodging
 - Level 2.1 Invocations


You had 5 spell levels left.
You didn't know any spells.
Your spell library was empty.

Dungeon Overview and Level Annotations

Branches:
Dungeon (3/15)

Altars:

Annotations:
D:3 Natasha


Innate Abilities, Weirdness & Mutations

You cannot be hasted, slowed, berserked, paralysed or teleported.
You can dig through walls and to a lower floor.
You have a pair of large antennae on your head. (SInv)
Your four strong arms can wield two-handed weapons with a shield.


Message History

You barely miss Natasha. Natasha claws you.
You hit Natasha.
Natasha is heavily wounded.
Natasha misses you.
You hit Natasha but do no damage.
Natasha is heavily wounded.
Natasha claws you.
You closely miss Natasha.
Natasha is heavily wounded.
Natasha barely misses you.
The crimson imp blinks!
You barely miss Natasha.
Natasha is heavily wounded.
Natasha closely misses you.
You hit Natasha but do no damage.
Natasha is heavily wounded.
Natasha completely misses you.
You hit Natasha.
Natasha is severely wounded.
Natasha misses you.
You closely miss Natasha.
Natasha is severely wounded.
Natasha claws you but does no damage. Natasha claws you.
You miss Natasha.
Natasha is severely wounded.
Natasha zaps a wand.
The puff of flame hits you.
You hit Natasha.
Natasha is severely wounded.
Natasha stares at you and mumbles some strange words.
The magic dart hits you!
* * * LOW HITPOINT WARNING * * *
It was a potion of brilliance.
You feel clever all of a sudden.
The crimson imp blinks!
Natasha stares at you and mumbles some strange words.
The magic dart hits you!
* * * LOW HITPOINT WARNING * * *
It was a potion of berserk rage.
Your stasis prevents you from going berserk.
Natasha claws you.
You die...

#.####.....#.#.#.#.#.### #.#
##...............# .#### #.#
#....#.#.#.#.#.##
....###.#####................
................##.#5#.#.#.#..
###.###.#########............#
#.# #.# ##.#.#.#.#. #.#
#.#########h# ..
###.###.........@.#
......############# .####.# .#
#.####### .# #<....... .#
#.####### ## #.# #.# #.#


You could see Natasha and a crimson imp (summoned).

Vanquished Creatures
  A phantom (D:3)
  An orc priest (D:2)
  Terence (D:2)
  Natasha (D:3)
  An iguana (D:2)
  Robin (D:2)
  4 adders (D:3)
  A dart slug (D:1)
  5 orcs
  5 endoplasms
  2 giant cockroaches
  9 goblins
  9 hobgoblins
  3 jackals (D:1)
  6 kobolds
  3 quokkas
  5 ball pythons
  13 bats
  5 frilled lizards
  9 rats
85 creatures vanquished.

Vanquished Creatures (others)
  2 plants (D:2)
2 creatures vanquished.

Grand Total: 87 creatures vanquished

Notes
Turn   | Place    | Note
-------+----------+-------------------------------------------
     0 | Abyss:1  | oldriver the Formicid Abyssal Knight began the quest for
                  | the Orb.
     0 | Abyss:1  | Reached XP level 1. HP: 18/18 MP: 2/2
    10 | D:1      | Escaped the Abyss
   144 | D:1      | Reached XP level 2. HP: 24/24 MP: 3/3
   476 | D:1      | Reached ** piety under Lugonu
   477 | D:1      | Reached XP level 3. HP: 29/30 MP: 4/4
   581 | D:1      | Reached skill level 4 in Fighting
   973 | D:1      | You fall into a shaft and drop 1 floor!
   988 | D:2      | Reached XP level 4. HP: 7/38 MP: 3/5
  1228 | D:2      | Identified the +2 spear of the Gnat {vorpal, rElec Str+2
                  | Dex+2 Stlth-}
  1256 | D:3      | Noticed Natasha
  1263 | D:3      | Killed Natasha
  1264 | D:3      | Reached XP level 5. HP: 23/43 MP: 6/6
  1509 | D:2      | Noticed Terence
  1515 | D:2      | Killed Terence
  1516 | D:2      | Reached skill level 5 in Fighting
  2291 | D:2      | Noticed Robin
  2306 | D:2      | Killed Robin
  2307 | D:2      | Reached XP level 6. HP: 12/51 MP: 7/7
  2648 | D:3      | Reached *** piety under Lugonu
  2948 | D:3      | Noticed Natasha
  2973 | D:3      | HP: 2/52 [Natasha/magic dart (7)]
  2974 | D:3      | Slain by Natasha

Illustrated notes

Levels and vault maps discovered:
D:1:      dpeg_arrival_ratfight, layout_loops_cross, amethyst_killhole
D:2:      cheibrodos_old_hovel, layout_rooms, uniq_robin, uniq_terence
D:3:      layout_loops_ring, st_stairs_10, uniq_grinder, uniq_natasha

Skill      XL: |  1  2  3  4  5 |
---------------+----------------+-----
Fighting       | 4 5 |  5.9
Axes           | 3 4 |  4.8
Armour         | |  2.1
Dodging        | |  0.8
Invocations    | |  2.1

Action                   |  1- 3 |  4- 6 || total
-------------------------+-------+-------++-------
Melee: Hand axe          |    82 |   149 ||   231
       Punch             |       |     1 ||     1
Throw: Dart              |     3 |     6 ||     9
       Stone             |       |    23 ||    23
Invok: Bend Space        |     1 |       ||     1
  Use: Scroll            |       |     1 ||     1
       Potion            |       |     2 ||     2
 Stab: Distracted        |     1 |       ||     1
Armor: Leather armour    |    30 |    60 ||    90
Dodge: Dodged            |    58 |   133 ||   191
